 Dungeon Crawl Stone Soup version 0.14-a0-2691-g997c442 (webtiles) character file.

310 RedPan the Cudgeler (level 5, -10/32 HPs)
             Began as a Gargoyle Fighter on Feb 18, 2014.
             Mangled by an ogre
             ... wielding a +0,+0 giant club
              (13 damage)
             ... on Level 3 of the Dungeon.
             The game lasted 00:06:18 (2650 turns).

RedPan the Cudgeler (Gargoyle Fighter)              Turns: 2650, Time: 00:06:19

HP -10/32        AC 10     Str 20      XL: 5   Next: 48%
MP   5/5         EV  6     Int  9      God:
Gold 142         SH 18     Dex  9      Spells:  0 memorised,  4 levels left

rFire  . . .     SeeInvis +     x - +0 flail
rCold  . . .     Clarity  .     b - +0 scale mail
rNeg   + . .     Conserve .     c - +0 shield
rPois  +         rCorr    .     (no helmet)
rElec  +         rRot     +     (no cloak)
SustAb . .       Spirit   .     (no gloves)
rMut   .         Warding  .     (no boots)
Saprov . . .     Stasis   .     (no amulet)
MR     .....                    i - ring of see invisible {unknown}
                                g - ring of poison resistance

@: drained, not resistant to hostile enchantments, extremely unstealthy
A: life protection 1, electricity resistance, unbreathing, petrification
resistance, AC +4
a: no special abilities


You were on level 3 of the Dungeon.
You were not hungry.

You visited 1 branch of the dungeon, and saw 4 of its levels.

You collected 142 gold pieces.

Inventory:

Hand weapons
 x - a +0,+0 flail (weapon)
Armour
 b - a +0 scale mail (worn)
 c - a +0 shield (worn)
Comestibles
 a - a lemon
 d - 2 bread rations
 f - a choko
 l - a honeycomb
 z - a meat ration
 D - 3 chunks of worker ant flesh
Scrolls
 e - 2 scrolls of enchant weapon II {unknown}
 h - a scroll of random uselessness {unknown}
 j - 4 scrolls of remove curse {unknown}
 p - 2 scrolls of identify {unknown}
 q - a scroll of enchant armour {unknown}
 r - a scroll of teleportation {unknown}
 s - a scroll of blinking {unknown}
 y - a scroll of recharging {unknown}
Jewellery
 g - a ring of poison resistance (left hand)
 i - a ring of see invisible (right hand) {unknown}
Potions
 k - a potion of heal wounds {unknown}
 m - 2 potions of speed {unknown}
 n - a potion of degeneration {unknown}
 o - 2 potions of confusion {unknown}
 t - a potion of restore abilities {unknown}
 u - a potion of beneficial mutation {unknown}
 v - a potion of magic {unknown}
 w - 2 potions of brilliance {unknown}
 A - 2 potions of curing {unknown}
 B - 2 potions of invisibility {unknown}


   Skills:
 - Level 3.2(2.9) Fighting
 + Level 6.0(5.7) Maces & Flails
 - Level 3.2(2.9) Armour
 - Level 3.2(2.9) Shields


You had 4 spell levels left.
You didn't know any spells.

Dungeon Overview and Level Annotations

Branches:
Dungeon (4/16)
 Temple: D:4-7

Altars:

Annotations:
D:4 Ijyb


Innate Abilities, Weirdness & Mutations

You are resistant to torment.
You are immune to poison.
Your stone body is very resilient (AC +4).
You resist negative energy.
You are resistant to electric shocks.
You can survive without breathing.
You are immune to petrification.


Message History

There is a stone staircase leading up here.
You hit the ogre.
The ogre is lightly wounded.
The ogre hits you with a giant club. You block the ogre's attack.
You climb upwards.
There is a stone staircase leading down here.
You sock the ogre!
The ogre is heavily wounded.
The ogre hits you with a giant club!
Ouch! That really hurt!
* * * LOW HITPOINT WARNING * * *
You hit the ogre but do no damage.
The ogre is heavily wounded.
The ogre hits you with a giant club.
* * * LOW HITPOINT WARNING * * *
You hit the ogre.
The ogre is severely wounded.
The ogre hits you with a giant club!
You die...

#.....# #........ #.....#
#........ #.....# #........
#.....###############........
#...<........(...............
#...>.#........########.#####
#####.#...................|..
#.#..(...O.#####.##%#####
#.###...@.%# #...##.# #.#
#......# #...##.# #########.#
#......###...##.#####
.......##.#
#....................
.......##.#
#.###.####.>.##.####.
.......##.# #.# #.# #...##.#
#. .......##.# #.# #.#
#...##.# #. ..........# #.#
#.# #...##.# #. .......####
#.# #.# ######.# #.


You could see an ogre.

Vanquished Creatures
  2 worker ants
  8 adders
  A worm (D:4)
  3 giant geckos
  6 bats
  7 hobgoblins
  7 kobolds
  A giant cockroach (D:2)
  8 giant newts
  4 goblins
  2 jackals (D:2)
  10 rats
59 creatures vanquished.

Vanquished Creatures (others)
  Prince Ribbit (D:4)
1 creature vanquished.

Grand Total: 60 creatures vanquished

Notes
Turn   | Place    | Note
--------------------------------------------------------------
     0 | D:1      | RedPan, the Gargoyle Fighter, began the quest for the Orb.
     0 | D:1      | Reached XP level 1. HP: 14/14 MP: 1/1
   173 | D:1      | Reached XP level 2. HP: 17/19 MP: 2/2
   673 | D:2      | Reached XP level 3. HP: 16/23 MP: 3/3
   871 | D:2      | Reached skill level 4 in Maces & Flails
  1183 | D:2      | Reached XP level 4. HP: 20/28 MP: 4/4
  1924 | D:3      | Reached skill level 5 in Maces & Flails
  2154 | D:4      | Killed Prince Ribbit
  2316 | D:4      | Reached XP level 5. HP: 32/32 MP: 5/5
  2334 | D:4      | Noticed an ogre
  2524 | D:4      | Reached skill level 6 in Maces & Flails
  2617 | D:4      | Noticed Ijyb
  2618 | D:4      | Noticed an ogre
  2650 | D:3      | Mangled by an ogre

Action                   |  1- 3 |  4- 6 || total
-------------------------+-------+-------++-------
Melee: Mace              |   129 |    32 ||   161
       Flail             |       |    69 ||    69
